[Event "Titled Tuesday Blitz August 3 2021"]
[White "Terry, Renato"]
[Black "Assaubayeva, Bibisara"]
[WhiteFideId "3803457"]
[BlackFideId "13708694"]
[WhiteElo "2581"]
[BlackElo "2232"]
[Result "1-0"]
[Round "04"]
[TimeControl "180+1"]
[Date "2021.08.03"]
[WhiteClock "0:01:29"]
[BlackClock "0:00:12"]

1. e4 c5 2. Nf3 d6 3. Bb5+ Nd7 4. d4 cxd4 5. Qxd4 a6 6. Bxd7+ Bxd7 7. Bg5 h6 8. Bh4 Rc8 9. O-O e5 10. Bxd8 exd4 11. Bb6 Rxc2 12. Bxd4 Rc8 13. Nc3 Be6 14. Rfd1 Ne7 15. Na4 Nc6 16. Bc3 b5 17. Nb6 Rb8 18. Nd5 b4 19. Be1 a5 20. Rac1 Kd7 21. Rc4 Bxd5 22. exd5 Ne5 23. Rf4 Nxf3+ 24. Rxf3 f6 25. a3 bxa3 26. bxa3 Rb5 27. a4 Rc5 28. Rb3 Be7 29. Rb7+ Ke8 30. Ra7 Bd8 31. Rxg7 Be7 32. f3 Kd7 33. Bh4 1-0


[Site "https://www.chess.com"]

[Event "Titled Tuesday Blitz August 3 2021"]
[White "Timmermans, Mark"]
[Black "Egorov, Evgeny"]
[WhiteFideId "1026399"]
[BlackFideId "13700421"]
[WhiteElo "2734"]
[BlackElo "2535"]
[Result "0-1"]
[Round "04"]
[TimeControl "180+1"]
[Date "2021.08.03"]
[WhiteClock "0:01:44"]
[BlackClock "0:01:30"]

1. b4 Nf6 2. Bb2 g6 3. c4 Bg7 4. b5 O-O 5. e3 b6 6. a4 Bb7 7. Nf3 d5 8. Be2 dxc4 9. Bxc4 a6 10. Nc3 axb5 11. axb5 Nbd7 12. Be2 Rxa1 13. Qxa1 Nc5 14. d4 Nce4 15. O-O Nxc3 16. Bxc3 Nd5 17. Bb2 Qd6 18. Rc1 Ra8 19. Qb1 Qb4 20. Ne5 Nxe3 21. fxe3 Qd2 22. Bf3 Qxe3+ 23. Kh1 Bxf3 24. Nxf3 Qb3 25. Bc3 Qd5 26. Qb2 h6 27. Re1 Ra2 28. Qb1 e6 29. Ne5 Qxg2# 0-1


[Site "https://www.chess.com"]

[Event "Titled Tuesday Blitz August 3 2021"]
[White "Tokhirjonova, Gulrukhbegim"]
[Black "Ozen, Bahadir"]
[WhiteFideId "14203626"]
[BlackFideId "6337058"]
[WhiteElo "2236"]
[BlackElo "2503"]
[Result "1/2-1/2"]
[Round "04"]
[TimeControl "180+1"]
[Date "2021.08.03"]
[WhiteClock "0:00:21"]
[BlackClock "0:00:08"]

1. e4 c6 2. Nc3 d5 3. Nf3 dxe4 4. Nxe4 Nf6 5. Nxf6+ exf6 6. d4 Bd6 7. Be2 O-O 8. O-O Re8 9. h3 Nd7 10. c4 Nf8 11. Be3 Ng6 12. Re1 Bd7 13. Bf1 Qc7 14. a3 Rad8 15. Rc1 Bf4 16. b4 Bf5 17. Qb3 a6 18. b5 axb5 19. cxb5 Be4 20. Nd2 Bd5 21. Bc4 Bxe3 22. fxe3 Bxc4 23. Qxc4 Qg3 24. Nf1 Qd6 25. bxc6 bxc6 26. a4 Ne7 27. a5 Ra8 28. a6 Nd5 29. Qxc6 Qxc6 30. Rxc6 Nb4 31. Rb6 Nxa6 32. Rc1 Reb8 33. Rxb8+ Rxb8 34. d5 f5 35. Ng3 g6 36. e4 Rd8 37. exf5 Kg7 38. fxg6 hxg6 39. Rd1 Kf6 40. d6 Ke5 41. Rf1 f5 42. h4 Rxd6 43. h5 f4 44. Re1+ Kd5 45. Ne4 Re6 46. Nc3+ Kd6 47. Ne4+ Ke7 48. h6 Kf8 49. Kf2 Kg8 50. Kf3 Nc5 51. Re2 Nxe4 52. Rxe4 Rxe4 53. Kxe4 Kh7 54. Kxf4 Kxh6 55. Kg4 g5 56. g3 Kg6 57. Kf3 Kf5 58. g4+ Ke5 59. Ke3 Kd5 60. Kd3 Ke5 61. Ke3 Kd5 62. Kd3 Ke5 63. Ke3 1/2-1/2


[Site "https://www.chess.com"]

[Event "Titled Tuesday Blitz August 3 2021"]
[White "Tologon tegin, Semetei"]
[Black "Indjic, Aleksandar"]
[WhiteFideId "13800574"]
[BlackFideId "911925"]
[WhiteElo "2531"]
[BlackElo "2851"]
[Result "0-1"]
[Round "04"]
[TimeControl "180+1"]
[Date "2021.08.03"]
[WhiteClock "0:00:06"]
[BlackClock "0:00:56"]

1. e4 g6 2. d4 Bg7 3. Nf3 a6 4. a4 d6 5. h3 Nf6 6. Nc3 Nc6 7. Be3 O-O 8. Be2 e5 9. Qd2 Re8 10. dxe5 Nxe5 11. O-O Bd7 12. Rad1 Bc6 13. Nxe5 Rxe5 14. f3 Re8 15. Bc4 Qd7 16. Bd4 Bxa4 17. Nxa4 Qxa4 18. Qc3 Qc6 19. Qb3 Re7 20. Kh2 Rb8 21. Rfe1 Nh5 22. Bxg7 Kxg7 23. Bd5 Qb5 24. Qc3+ Nf6 25. Bb3 Qe5+ 26. Qxe5 Rxe5 27. Rd4 Rbe8 28. Red1 R8e7 29. Kg1 h5 30. h4 Rc5 31. Ra1 Nd7 32. Rb4 Nb6 33. Kf2 f5 34. exf5 gxf5 35. Rd4 Kf6 36. Rd2 Nd7 37. Rad1 Ne5 38. Rd4 Ng6 39. Rb4 b5 40. c3 Rce5 41. Rd2 c5 42. Rxd6+ Kg7 0-1


[Site "https://www.chess.com"]

[Event "Titled Tuesday Blitz August 3 2021"]
[White "Torkkola, Henri"]
[Black "Trent, Lawrence"]
[WhiteFideId "507660"]
[BlackFideId "408638"]
[WhiteElo "2137"]
[BlackElo "2474"]
[Result "0-1"]
[Round "04"]
[TimeControl "180+1"]
[Date "2021.08.03"]
[WhiteClock "0:00:03"]
[BlackClock "0:01:00"]

1. d4 d5 2. Bf4 c6 3. e3 Bf5 4. c4 e6 5. Nc3 Nd7 6. Qb3 Qb6 7. c5 Qxb3 8. axb3 a6 9. b4 Rc8 10. Nf3 h6 11. Nd2 Ngf6 12. Nb3 Nh5 13. Be5 f6 14. Be2 fxe5 15. Bxh5+ g6 16. Be2 h5 17. h3 Bg7 18. Kd2 h4 19. g4 hxg3 20. fxg3 exd4 21. exd4 Nf6 22. g4 Ne4+ 23. Nxe4 Bxe4 24. Rh2 Bh6+ 25. Kc3 Bf4 26. Rf2 Rxh3+ 27. Bf3 Bxf3 28. b5 Be4+ 29. Kb4 g5 30. bxa6 bxa6 31. Rxa6 Kd7 32. Na5 Rd3 33. Ra7+ Rc7 34. Rxc7+ Kxc7 35. Nb3 Bf3 36. Rf1 Bxg4 37. Rh1 Bf5 38. Rh8 g4 39. Rg8 g3 40. Rg7+ Kd8 41. Na5 Ke8 42. Nxc6 Kf8 43. Rd7 g2 44. Rd8+ Kg7 45. Rd7+ Kh6 46. Ne7 g1=Q 47. c6 Qxd4+ 0-1


[Site "https://www.chess.com"]

[Event "Titled Tuesday Blitz August 3 2021"]
[White "Urazayev, Arystanbek"]
[Black "Leisch, Lukas"]
[WhiteFideId "13709810"]
[BlackFideId "1632094"]
[WhiteElo "2842"]
[BlackElo "2526"]
[Result "1-0"]
[Round "04"]
[TimeControl "180+1"]
[Date "2021.08.03"]
[WhiteClock "0:01:28"]
[BlackClock "0:00:04"]

1. d4 d5 2. c4 e6 3. Nc3 Bb4 4. Nf3 Nf6 5. e3 O-O 6. Bd2 b6 7. cxd5 exd5 8. Rc1 a5 9. Nb5 c6 10. Nc3 Re8 11. Bd3 Ba6 12. Bxa6 Nxa6 13. O-O Rc8 14. Ne5 Nd7 15. f4 f6 16. Nf3 Nc7 17. Ne2 Bxd2 18. Qxd2 Nb5 19. Ng3 Nd6 20. Rc2 Nc4 21. Qc1 Nxe3 22. Rxc6 Rxc6 23. Qxc6 Nxf1 24. Qxd5+ Kh8 25. Nxf1 Nf8 26. Qc6 Qd7 27. Qxb6 a4 28. h3 Ne6 29. f5 Nf4 30. Ng3 h5 31. Qb4 Qe7 32. Qxa4 Qe3+ 33. Kh2 Nd3 34. Ne5 Rf8 35. Ng6+ Kg8 36. Qc4+ Rf7 37. Qc8+ Kh7 38. Qh8# 1-0


[Site "https://www.chess.com"]

[Event "Titled Tuesday Blitz August 3 2021"]
[White "Vakhlamov, Igor L."]
[Black "Turayev, Shahruh"]
[WhiteFideId "24126748"]
[BlackFideId "14003856"]
[WhiteElo "2416"]
[BlackElo "2472"]
[Result "1-0"]
[Round "04"]
[TimeControl "180+1"]
[Date "2021.08.03"]
[WhiteClock "0:00:39"]
[BlackClock "0:00:11"]

1. e4 d5 2. exd5 Qxd5 3. Nc3 Qa5 4. d4 Nf6 5. Nf3 Nc6 6. d5 Nb4 7. Bd2 Bf5 8. Nd4 Bg4 9. f3 Qb6 10. Ndb5 Bd7 11. Na4 Qa5 12. a3 Bxb5 13. axb4 Qa6 14. Nc5 Qb6 15. c4 Ba6 16. Nxa6 bxa6 17. c5 Qb8 18. Qa4+ Kd8 19. Qxa6 Nxd5 20. Bb5 e6 21. O-O Qc8 22. Qc6 Ke7 23. Rfe1 Nf6 24. Bg5 h6 25. Bh4 g5 26. Bg3 Bg7 27. Bd6+ cxd6 28. Qxd6# 1-0


[Site "https://www.chess.com"]

[Event "Titled Tuesday Blitz August 3 2021"]
[White "Vasquez Schroeder, Rodrigo"]
[Black "Omk124"]
[WhiteFideId "3400042"]
[WhiteElo "2760"]
[BlackElo "2521"]
[Result "0-1"]
[Round "04"]
[TimeControl "180+1"]
[Date "2021.08.03"]
[WhiteClock "0:00:07"]
[BlackClock "0:00:11"]

1. e4 g6 2. d4 Bg7 3. Nf3 d6 4. Bc4 c6 5. Bb3 Nf6 6. Qe2 O-O 7. e5 Ne8 8. h3 dxe5 9. dxe5 Nc7 10. O-O a5 11. a4 Be6 12. Rd1 Qc8 13. Nbd2 Nba6 14. c3 Bxb3 15. Nxb3 Ne6 16. Qc4 Qc7 17. Bf4 b5 18. axb5 cxb5 19. Qxc7 Naxc7 20. Be3 a4 21. Nc5 Rfd8 22. Nxe6 Nxe6 23. Kf1 Kf8 24. Ke2 Ke8 25. Rxd8+ Kxd8 26. Kd3 Kc7 27. Ke4 Kc6 28. Nd4+ Nxd4 29. Bxd4 e6 30. f4 Rd8 31. g4 Bf8 32. f5 gxf5+ 33. gxf5 exf5+ 34. Kxf5 Bc5 35. Ke4 Rd7 36. Rc1 Re7 37. Rf1 b4 38. cxb4 Bxd4 39. Kxd4 Kb5 40. Rf4 Kxb4 41. Rf3 Rd7+ 42. Ke4 Rb7 43. Kd4 Rc7 44. Rf6 Rb7 45. Rf3 Rd7+ 46. Ke4 Kc4 47. Rc3+ Kb5 48. Rf3 Kb4 49. Rf6 Rb7 50. Kd4 Kb3 51. Rf2 Rb4+ 52. Kc5 Rc4+ 53. Kd6 Re4 54. Kd5 Re1 55. Kd6 Re3 56. h4 h5 0-1


[Site "https://www.chess.com"]

[Event "Titled Tuesday Blitz August 3 2021"]
[White "Vlassov, Nikolai"]
[Black "Zia, Tahsin Tajwar"]
[WhiteFideId "4103360"]
[BlackFideId "10211888"]
[WhiteElo "2407"]
[BlackElo "1800"]
[Result "1-0"]
[Round "04"]
[TimeControl "180+1"]
[Date "2021.08.03"]
[WhiteClock "0:00:16"]
[BlackClock "0:00:03"]

1. e4 c6 2. d4 d5 3. e5 Bf5 4. Nc3 e6 5. g4 Bg6 6. Nge2 c5 7. Be3 Nc6 8. dxc5 Nxe5 9. Nf4 Nf6 10. Bb5+ Nc6 11. Qe2 a6 12. Bxc6+ bxc6 13. h4 Be4 14. f3 Nxg4 15. Bd4 e5 16. fxe4 exd4 17. exd5+ Qe7 18. d6 Qxe2+ 19. Ncxe2 Kd7 20. Nxd4 Re8+ 21. Kd2 g6 22. Rae1 Bh6 23. Rhf1 Rxe1 24. Kxe1 Re8+ 25. Nfe2 f5 26. Rf3 Bg7 27. Kd1 Ne3+ 28. Kc1 Bh6 29. Kb1 Nc4 30. Rc3 Nd2+ 31. Ka1 Re4 32. Ra3 Rxh4 33. b4 Rh1+ 34. Kb2 Nc4+ 35. Kb3 Nxa3 36. Kxa3 Bc1+ 37. Ka4 Rh3 38. c3 Bd2 39. Kb3 f4 40. Kc2 f3 41. Nxf3 Rxf3 42. Kxd2 g5 43. Nd4 Rf2+ 44. Ke3 Rf8 45. a4 g4 46. Ne2 Rf3+ 47. Ke4 h5 48. c4 h4 49. b5 axb5 50. cxb5 cxb5 51. axb5 Rb3 52. Nd4 Rb4 53. Kd5 g3 54. c6+ Kd8 55. Ne6+ Ke8 56. d7+ Ke7 57. d8=Q+ Kf7 58. Qf8+ Kg6 59. Qg7+ Kf5 60. Qg5# 1-0


[Site "https://www.chess.com"]

[Event "Titled Tuesday Blitz August 3 2021"]
[White "Vokhidov, Shamsiddin"]
[Black "Firat, Burak"]
[WhiteFideId "14204223"]
[BlackFideId "6305881"]
[WhiteElo "2572"]
[BlackElo "2531"]
[Result "1-0"]
[Round "04"]
[TimeControl "180+1"]
[Date "2021.08.03"]
[WhiteClock "0:02:31"]
[BlackClock "0:01:12"]

1. e4 e5 2. Nf3 Nf6 3. Nc3 Nc6 4. Be2 d5 5. exd5 Nxd5 6. O-O Nxc3 7. bxc3 Bd6 8. d4 exd4 9. cxd4 O-O 10. c3 Bf5 11. Bd3 Qd7 12. Rb1 b6 13. Rb5 Bxd3 14. Qxd3 h6 15. Rh5 f5 16. Nh4 Ne7 17. Qf3 Qe6 18. g3 Rf7 19. Qxa8+ 1-0


[Site "https://www.chess.com"]

[Event "Titled Tuesday Blitz August 3 2021"]
[White "Volkov, Maksim"]
[Black "Jaracz, Pawel"]
[WhiteFideId "54123070"]
[BlackFideId "1102222"]
[WhiteElo "2113"]
[BlackElo "2495"]
[Result "1-0"]
[Round "04"]
[TimeControl "180+1"]
[Date "2021.08.03"]
[WhiteClock "0:00:08"]
[BlackClock "0:00:10"]

1. d4 Nf6 2. c4 g6 3. Nf3 Bg7 4. g3 d5 5. cxd5 Nxd5 6. Bg2 Nb6 7. O-O Nc6 8. e3 e5 9. dxe5 Qxd1 10. Rxd1 Nxe5 11. Nd4 c6 12. b3 O-O 13. Ba3 Re8 14. Nc3 Bg4 15. Rd2 Nbc4 16. bxc4 Nxc4 17. Bc1 Nxd2 18. Bxd2 Rad8 19. Ne4 b6 20. Rc1 c5 21. Nc6 Rd7 22. Bc3 Bxc3 23. Nxc3 Kg7 24. h3 Be6 25. a4 Bc4 26. g4 Re6 27. Nb5 a6 28. Rxc4 axb5 29. axb5 Rd1+ 30. Kh2 Rb1 31. Na7 Rb2 32. Kg3 Rf6 33. Bf3 Rd6 34. h4 Rdd2 35. Bc6 Rxf2 36. Nc8 Rfe2 37. Kf4 Kf6 38. g5+ Ke6 39. Nxb6 Rf2+ 40. Ke4 Rh2 41. Kd3 Rb3+ 42. Rc3 Rxc3+ 43. Kxc3 Rxh4 44. Nc4 Ke7 45. b6 Kd8 46. Nd6 Rb4 47. b7 Kc7 48. Nb5+ Kb8 49. e4 Rb1 50. Nd6 Rg1 51. Nxf7 Rc1+ 52. Kb3 c4+ 53. Kb2 Rd1 54. Bd5 Kc7 55. Ne5 Rg1 56. Nf3 Rg3 57. Ne5 c3+ 58. Kc2 Rxg5 59. Nf7 Rg3 60. e5 h5 61. e6 Rg1 62. Nd6 Re1 63. Ne4 Re2+ 64. Kxc3 Re3+ 65. Kd4 Re1 66. e7 Rd1+ 67. Ke5 1-0


[Site "https://www.chess.com"]

[Event "Titled Tuesday Blitz August 3 2021"]
[White "Weetik, Vjacheslav"]
[Black "Karavade, Eesha"]
[WhiteFideId "4153472"]
[BlackFideId "5012600"]
[WhiteElo "2469"]
[BlackElo "2258"]
[Result "1-0"]
[Round "04"]
[TimeControl "180+1"]
[Date "2021.08.03"]
[WhiteClock "0:00:06"]
[BlackClock "0:00:02"]

1. d4 Nf6 2. Bf4 d5 3. e3 e6 4. Nd2 Bd6 5. c3 O-O 6. Bd3 c5 7. Bxd6 Qxd6 8. f4 b6 9. Qe2 Bb7 10. Ngf3 cxd4 11. cxd4 Ne4 12. O-O Nd7 13. Ne5 Nxd2 14. Qxd2 f6 15. Nf3 Rac8 16. a3 f5 17. Qb4 Qc6 18. Bb5 Qc7 19. Qe7 Nf6 20. Qxe6+ Kh8 21. Ne5 Ne4 22. Qd7 Qxd7 23. Nxd7 Rfd8 24. Ne5 Kg8 25. Bd7 Rc2 26. Bxf5 Rxb2 27. Rfc1 Nd6 28. Be6+ Kf8 29. Rc7 Ba6 30. Rxa7 Be2 31. f5 Bh5 32. Rc1 Ne4 33. h3 Ng3 34. Kh2 Ne4 35. Rcc7 Be8 36. Rxg7 1-0


[Site "https://www.chess.com"]

[Event "Titled Tuesday Blitz August 3 2021"]
[White "Wei, Yi"]
[Black "Molina, Roberto Junio Brito"]
[WhiteFideId "8603405"]
[BlackFideId "2109450"]
[WhiteElo "2686"]
[BlackElo "2402"]
[Result "1-0"]
[Round "04"]
[TimeControl "180+1"]
[Date "2021.08.03"]
[WhiteClock "0:00:05"]
[BlackClock "0:00:21"]

1. d4 d5 2. c4 c6 3. Nf3 Nf6 4. e3 Bf5 5. Nc3 e6 6. Nh4 Be4 7. f3 Bg6 8. Qb3 Qb6 9. Nxg6 hxg6 10. g3 Nbd7 11. Bd2 Bd6 12. Kf2 Qxb3 13. axb3 a6 14. Be2 O-O-O 15. f4 Kb8 16. c5 Bc7 17. Kf3 Rde8 18. b4 Kc8 19. h4 Ng8 20. g4 f5 21. Rag1 Rh7 22. h5 fxg4+ 23. Rxg4 gxh5 24. Rg5 Ngf6 25. Bd3 Rhh8 26. Rxg7 Reg8 27. Rxg8+ Rxg8 28. Ne2 e5 29. dxe5 Bxe5 30. Bc3 Bxc3 31. bxc3 Kc7 32. Nd4 Re8 33. Bg6 Re7 34. Nf5 Re4 35. Nd6 Re7 36. Nf5 Re4 37. Ng7 Rc4 38. Rc1 Ne4 39. Bxe4 Rxe4 40. Nxh5 a5 41. bxa5 Ra4 42. Rg1 Nxc5 43. Rg7+ Kb8 44. f5 Rh4 45. Nf4 Ne4 46. Ne6 Rh1 47. Rg8+ Ka7 48. Nc7 b6 49. a6 b5 50. Ra8+ Kb6 51. Rb8+ Kxc7 52. a7 Rf1+ 53. Kg4 Nf6+ 54. Kg5 Nd7 55. a8=Q Nxb8 56. Qa7+ Kc8 57. Qb6 Rg1+ 58. Kf4 Rf1+ 59. Kg4 Rg1+ 60. Kh5 Rg7 61. Qc5 Kc7 62. Qa7+ 1-0


[Site "https://www.chess.com"]

[Event "Titled Tuesday Blitz August 3 2021"]
[White "Willow, Jonah B"]
[Black "Pacheco Lugo, Alejandro Jose"]
[WhiteFideId "438804"]
[BlackFideId "3903745"]
[WhiteElo "2261"]
[BlackElo "2125"]
[Result "0-1"]
[Round "04"]
[TimeControl "180+1"]
[Date "2021.08.03"]
[WhiteClock "0:00:29"]
[BlackClock "0:01:01"]

1. e4 c5 2. Nf3 d6 3. d4 cxd4 4. Qxd4 Nc6 5. Bb5 a6 6. Bxc6+ bxc6 7. c4 e5 8. Qd3 Ne7 9. Nc3 Ng6 10. Bg5 f6 11. Be3 Be7 12. O-O O-O 13. Rfd1 Qe8 14. Na4 Be6 15. b3 Rd8 16. c5 d5 17. Qxa6 d4 18. Bd2 Bg4 19. Qc4+ Kh8 20. Ba5 Ra8 21. b4 Bxf3 22. gxf3 Nf4 23. Qf1 Qh5 24. Rd3 f5 25. Nb6 Rf6 26. Kh1 Rh6 27. Qg1 Nxd3 28. Nxa8 Rg6 29. Qxg6 Qxg6 30. Rf1 Qh5 31. Kg2 Nf4+ 0-1


[Site "https://www.chess.com"]

[Event "Titled Tuesday Blitz August 3 2021"]
[White "Xiong, Jeffery"]
[Black "Levitskiy, Andrey"]
[WhiteFideId "2047640"]
[BlackFideId "14132885"]
[WhiteElo "2962"]
[BlackElo "2553"]
[Result "1-0"]
[Round "04"]
[TimeControl "180+1"]
[Date "2021.08.03"]
[WhiteClock "0:00:49"]
[BlackClock "0:00:02"]

1. c4 e5 2. Nc3 Bb4 3. g3 Bxc3 4. bxc3 d6 5. Bg2 Nc6 6. Rb1 Nge7 7. d3 Rb8 8. f4 O-O 9. Nf3 d5 10. Nxe5 Nxe5 11. fxe5 dxc4 12. Ba3 Re8 13. d4 Nd5 14. Qd2 f6 15. e4 fxe5 16. exd5 exd4+ 17. Kf2 Qf6+ 18. Qf4 Qa6 19. Rhe1 Bf5 20. Qxf5 Qxa3 21. Kg1 Qxc3 22. Rxe8+ Rxe8 23. Rf1 Qe3+ 24. Kh1 h6 25. d6 cxd6 26. Bd5+ Kh8 27. Bxc4 Qe5 28. Qf3 a6 29. Qxb7 Qc5 30. Bd3 d5 31. Qxa6 Qc3 32. Qg6 1-0


[Site "https://www.chess.com"]

[Event "Titled Tuesday Blitz August 3 2021"]
[White "Yoo, Christopher Woojin"]
[Black "Maksimovic, Bojan"]
[WhiteFideId "30909694"]
[BlackFideId "14408120"]
[WhiteElo "2105"]
[BlackElo "2439"]
[Result "1-0"]
[Round "04"]
[TimeControl "180+1"]
[Date "2021.08.03"]
[WhiteClock "0:00:03"]
[BlackClock "0:00:02"]

1. e4 c5 2. Nf3 Nc6 3. Nc3 g6 4. Bb5 Bg7 5. O-O Nf6 6. Bxc6 dxc6 7. h3 Nd7 8. d3 e5 9. a3 Qe7 10. Rb1 Nf8 11. b4 Ne6 12. Be3 O-O 13. bxc5 f5 14. exf5 gxf5 15. Re1 e4 16. d4 exf3 17. Qxf3 f4 18. Bd2 Qf7 19. d5 Ng5 20. Qd3 Bf5 21. Qc4 Bxh3 22. Rb4 cxd5 23. Qxd5 Qxd5 24. Nxd5 Rad8 25. Ne7+ Kh8 26. Bxf4 Ne6 27. Bd6 Bc3 28. Be5+ Bxe5 29. Rxe5 Rfe8 30. Rxb7 Nd4 31. Rh5 Bg4 32. Ng6+ Kg8 33. Rhxh7 Ne6 34. Rh8# 1-0


[Site "https://www.chess.com"]

[Event "Titled Tuesday Blitz August 3 2021"]
[White "Zhigalko, Sergei"]
[Black "Karacsonyi, Gellert"]
[WhiteFideId "13502956"]
[BlackFideId "764620"]
[WhiteElo "2662"]
[BlackElo "2192"]
[Result "1-0"]
[Round "04"]
[TimeControl "180+1"]
[Date "2021.08.03"]
[WhiteClock "0:01:42"]
[BlackClock "0:00:56"]

1. e4 c5 2. Nf3 Nc6 3. c3 Nf6 4. e5 Nd5 5. Bc4 Nb6 6. Bb3 d5 7. exd6 Qxd6 8. O-O e6 9. d4 Be7 10. Be3 cxd4 11. cxd4 Nd5 12. Nc3 Nxc3 13. bxc3 O-O 14. Re1 Bf6 15. Ng5 Qd8 16. Qh5 Bxg5 17. Bxg5 Qa5 18. Qh4 Qxc3 19. Rad1 h6 20. Bxh6 gxh6 21. Re3 Qa5 22. Qxh6 Ne7 23. Rh3 1-0


[Site "https://www.chess.com"]

[Event "Titled Tuesday Blitz August 3 2021"]
[White "Zubov, Alexander"]
[Black "Petrovskyi, Vadym"]
[WhiteFideId "14109409"]
[BlackFideId "14165210"]
[WhiteElo "2740"]
[BlackElo "2305"]
[Result "1-0"]
[Round "04"]
[TimeControl "180+1"]
[Date "2021.08.03"]
[WhiteClock "0:00:19"]
[BlackClock "0:00:04"]

1. d4 Nf6 2. c4 g6 3. Nc3 Bg7 4. e4 d6 5. Nf3 O-O 6. Be2 e5 7. d5 a5 8. Be3 Na6 9. Nd2 Nc5 10. h4 c6 11. h5 cxd5 12. cxd5 Bd7 13. hxg6 fxg6 14. Bxc5 dxc5 15. a4 h5 16. Nc4 Qe7 17. Qb3 Kh7 18. O-O-O Ne8 19. f3 Nd6 20. Nxd6 Qxd6 21. Bb5 Bh6+ 22. Kb1 Be3 23. Bxd7 Qxd7 24. Nb5 Bd4 25. g4 Kh6 26. Rh3 Rf6 27. Rdh1 Raf8 28. Qd3 Qf7 29. Qd2+ Rf4 30. Nd6 Qd7 31. Nf5+ Kh7 32. Rxh5+ gxh5 33. Rxh5+ Kg6 34. Rh6+ Kf7 35. Rh7+ Ke8 36. Rxd7 Kxd7 37. Qxa5 Rxf3 38. Qb5+ Kc7 39. d6+ Kb8 40. d7 Rf2 41. Nxd4 exd4 42. Qb6 Rf1+ 43. Ka2 R1f3 44. d8=Q+ Rxd8 45. Qxd8+ Ka7 46. Qa5+ Kb8 47. Qxc5 1-0


[Site "https://www.chess.com"]

[Event "Titled Tuesday Blitz August 3 2021"]
[White "Zverev, Lev"]
[Black "Grabinsky, Aaron"]
[WhiteFideId "24250775"]
[BlackFideId "2087090"]
[WhiteElo "2528"]
[BlackElo "2847"]
[Result "0-1"]
[Round "04"]
[TimeControl "180+1"]
[Date "2021.08.03"]
[WhiteClock "0:00:04"]
[BlackClock "0:00:50"]

1. e4 e6 2. d4 d5 3. Nc3 Nc6 4. Nf3 Nf6 5. Bg5 Be7 6. exd5 exd5 7. Bd3 Bg4 8. Ne2 Bxf3 9. gxf3 O-O 10. Rg1 g6 11. Qd2 Nb4 12. O-O-O Nxd3+ 13. Qxd3 Nh5 14. Bh6 Re8 15. Nc3 c6 16. Rg2 Bf6 17. Rdg1 Qd7 18. Ne2 Bg7 19. Bxg7 Kxg7 20. f4 Qe6 21. f3 Qe3+ 22. Qxe3 Rxe3 23. Rf2 Rae8 24. Kd2 Kf6 25. Ng3 Nxf4 26. Ne4+ dxe4 27. Kxe3 Nh3 28. fxe4+ Nxf2 29. Kxf2 Rxe4 30. c3 Kf5 31. Rd1 Rf4+ 32. Kg3 Rg4+ 33. Kf3 h5 34. Re1 Kf6 35. Re8 Rg5 36. c4 Rf5+ 37. Ke3 g5 38. Rb8 b5 39. Rc8 bxc4 40. Rxc6+ Kg7 41. Rxc4 g4 42. Rc2 Rf3+ 43. Ke4 f5+ 44. Ke5 Kg6 45. Rc6+ Kg5 46. d5 Re3+ 47. Kd4 f4 48. d6 Re8 49. Rc5+ Kh4 50. Rf5 f3 51. Kd5 Kh3 52. Rxh5+ Kg2 53. d7 Rd8 54. Kd6 f2 55. Rf5 f1=Q 56. Rxf1 Kxf1 57. Kc7 Rxd7+ 58. Kxd7 Kg2 59. b4 Kxh2 60. b5 g3 61. Kc7 g2 62. Kb7 g1=Q 63. a4 Qb6+ 0-1


[Site "https://www.chess.com"]

[Event "Titled Tuesday Blitz August 3 2021"]
[White "Aitbayev, Aslan"]
[Black "Eternauta2400"]
[WhiteFideId "13704613"]
[WhiteElo "2417"]
[BlackElo "2525"]
[Result "1/2-1/2"]
[Round "05"]
[TimeControl "180+1"]
[Date "2021.08.03"]
[WhiteClock "0:00:09"]
[BlackClock "0:00:07"]

1. e4 e5 2. Nf3 Nc6 3. Bb5 Bc5 4. c3 Qf6 5. b4 Bb6 6. a4 a5 7. bxa5 Nxa5 8. d4 c6 9. Bd3 d6 10. Be3 Bc7 11. O-O h6 12. Na3 Ne7 13. Nd2 Ng6 14. g3 Bh3 15. Re1 O-O 16. Qh5 Bc8 17. Rf1 Nf4 18. gxf4 exf4 19. Kh1 Qg5 20. Qf3 fxe3 21. fxe3 Qg4 22. Qf2 Kh8 23. Rg1 Qe6 24. Qg3 Rg8 25. Raf1 Bd7 26. Nac4 Raf8 27. Qh4 Nxc4 28. Bxc4 d5 29. exd5 cxd5 30. Bd3 Bd8 31. Qg3 Bg5 32. Bf5 Qe7 33. Bxd7 Qxd7 34. h4 Bf6 35. Nf3 Qe7 36. Qf4 Qe4 37. Qxe4 dxe4 38. Nd2 Re8 39. h5 Bg5 40. Rg3 f6 41. Rb1 Re7 42. Kg2 Ra8 43. Rb4 Ra5 44. Kf1 f5 45. Ke2 f4 46. exf4 Bxf4 47. Rg4 Bxd2 48. Kxd2 Rxh5 49. d5 Rxd5+ 50. Ke2 e3 51. Rbd4 Rde5 52. c4 Kh7 53. Rd5 Re4 54. Rxe4 Rxe4 55. c5 Rxa4 56. Kxe3 Ra5 57. Kd4 Ra4+ 58. Ke5 Rb4 59. Rd7 Kg6 60. Kd6 h5 61. Kc7 h4 62. Rd6+ Kh5 63. Rb6 Rc4 64. Kd6 g5 65. Rxb7 Kg4 66. Rh7 Kg3 67. c6 g4 68. c7 h3 69. Rh5 Kg2 70. Rc5 Rxc5 71. Kxc5 h2 72. c8=Q h1=Q 73. Qxg4+ Kh2 74. Qh4+ Kg1 75. Qxh1+ Kxh1 1/2-1/2


[Site "https://www.chess.com"]

[Event "Titled Tuesday Blitz August 3 2021"]
[White "Alavkin, Arseny"]
[Black "Bluebaum, Matthias"]
[WhiteFideId "4120612"]
[BlackFideId "24651516"]
[WhiteElo "2401"]
[BlackElo "2685"]
[Result "1/2-1/2"]
[Round "05"]
[TimeControl "180+1"]
[Date "2021.08.03"]
[WhiteClock "0:00:10"]
[BlackClock "0:00:09"]

1. d4 Nf6 2. Bf4 d5 3. e3 c5 4. Nf3 Nc6 5. Nbd2 cxd4 6. exd4 Qb6 7. Nb3 Bf5 8. c3 e6 9. a4 a6 10. a5 Qd8 11. Bd3 Bxd3 12. Qxd3 Bd6 13. Bxd6 Qxd6 14. O-O Qc7 15. Rfe1 O-O 16. Ne5 Nxe5 17. Rxe5 b6 18. Re2 Nd7 19. axb6 Qxb6 20. Nc1 a5 21. Qd2 a4 22. Nd3 Ra7 23. Ra3 Qb5 24. Qc2 Nb6 25. Nc5 Rfa8 26. Re1 Nc4 27. Ra2 a3 28. b3 Nb6 29. Rea1 g6 30. Qc1 e5 31. Rxa3 Rxa3 32. Rxa3 Rxa3 33. Qxa3 Qe2 34. Qc1 e4 35. g3 h5 36. Qe3 Qd1+ 37. Kg2 h4 38. gxh4 Nc8 39. f3 Nd6 40. fxe4 dxe4 41. Nxe4 Nf5 42. Qf4 Qe2+ 43. Kh3 Ne3 44. Qb8+ Kh7 45. Ng5+ Kg7 46. Qe5+ Kf8 47. Qd6+ Kg8 48. Qb8+ Kg7 49. Qe5+ Kf8 50. Qe4 Qf1+ 51. Kg3 Nf5+ 52. Kg4 Nh6+ 53. Kg3 Nf5+ 54. Kg4 Qf2 55. Nf3 Qg2+ 56. Kf4 Qb2 57. c4 Qc1+ 58. Ke5 Qa3 59. c5 Qa7 60. Kf4 Qb8+ 61. Kg4 Nh6+ 62. Kh3 Qxb3 63. c6 Qc4 64. Kg3 Nf5+ 65. Kf4 Ne7 66. Ne5 Qf1+ 67. Qf3 Qc1+ 68. Kg3 Nf5+ 69. Kg4 Qg1+ 70. Kh3 Qxd4 71. c7 Qxh4+ 72. Kg2 Qg5+ 73. Kf2 Qd2+ 74. Qe2 Qd4+ 75. Kg2 Qc3 76. Nd7+ Kg7 77. Qe5+ Qxe5 78. Nxe5 Ne7 79. Nc6 Nc8 80. Kf3 Kf6 81. Kg4 Ke6 82. Kg5 Kd7 83. Ne5+ Ke6 84. Nc6 Kd6 85. Nd8 Ke7 86. h4 Nd6 87. Nc6+ Kd7 88. Ne5+ Kxc7 89. Nxf7 Nxf7+ 90. Kxg6 Ne5+ 91. Kf6 Ng4+ 92. Kf5 Nh6+ 93. Kg6 Ng4 94. Kg5 Ne5 95. h5 Kd6 96. Kf6 Ng4+ 97. Kg5 Ne5 98. h6 Nf7+ 99. Kg6 Nxh6 1/2-1/2


[Site "https://www.chess.com"]

[Event "Titled Tuesday Blitz August 3 2021"]
[White "Andreikin, Dmitry"]
[Black "Hjartarson, Johann"]
[WhiteFideId "4158814"]
[BlackFideId "2300044"]
[WhiteElo "2782"]
[BlackElo "2502"]
[Result "1-0"]
[Round "05"]
[TimeControl "180+1"]
[Date "2021.08.03"]
[WhiteClock "0:00:55"]
[BlackClock "0:00:39"]

1. Nf3 d6 2. d4 Bg4 3. e4 Nf6 4. Nc3 e6 5. h3 Bh5 6. Qe2 c6 7. Bf4 Be7 8. O-O-O d5 9. g4 Bg6 10. Ne5 Nxe4 11. Nxe4 Bxe4 12. f3 Bg6 13. h4 f6 14. Nxg6 hxg6 15. Qxe6 Nd7 16. Bd3 Nf8 17. Qe2 Kf7 18. h5 Bd6 19. Bxd6 Qxd6 20. Rde1 gxh5 21. gxh5 Rh6 22. Kb1 Qd7 23. Rhg1 Rxh5 24. f4 Re8 25. Qxh5+ 1-0


[Site "https://www.chess.com"]